 Dungeon Crawl Stone Soup version 0.30-a0-830-gfe289a77b0 (webtiles) character file.

Game seed: 5003469828630591809

86 lunkers the Slasher (level 5, -1/45 HPs)
             Began as a Meteoran Fighter on Feb 28, 2023.
             Slain by a gnoll
             ... wielding a +0 halberd
              (10 damage)
             ... on level 2 of the Dungeon.
             The game lasted 00:02:18 (639 turns).

lunkers the Slasher (Meteoran Fighter)               Turns: 639, Time: 00:02:19

Health: -1/45      AC:  8    Str: 18    XL:     5   Next: 6%
Magic:  6/6        EV:  9    Int:  9    God:
Gold:   64         SH:  5    Dex: 15    Spells: 4/4 levels left

rFire   . . .      SeeInvis .    a - +0 long sword
rCold   + . .      Faith    .    c - +0 buckler
rNeg    . . .      Spirit   .    b - +0 scale mail
rPois   .          Reflect  .    e - +0 helmet
rElec   .          Harm     .    (no cloak)
rCorr   .          Rampage  .    (no gloves)
Will    +....                    (no boots) Stlth
                                 h - amulet of the acrobat
HPRegen 0.27/turn                p - ring of protection from cold
MPRegen 0.10/turn                l - ring of willpower

@: mighty, glowing
A: sense surroundings 1, otherworldly, glowing, explore regen
a: no special abilities


You were on level 2 of the Dungeon.
You visited 1 branch of the dungeon, and saw 2 of its levels.

You collected 64 gold pieces.

Inventory:

Hand Weapons
 a - a +0 long sword (weapon)
Armour
 b - a +0 scale mail (worn)
 c - a +0 buckler (worn)
 e - a +0 helmet (worn)
Jewellery
 h - an amulet of the acrobat (around neck)
 l - a ring of willpower (right hand)
 p - a ring of protection from cold (left hand)
Scrolls
 f - a scroll of identify {unknown}
 g - a scroll of amnesia {unknown}
 i - a scroll of magic mapping {unknown}
 m - a scroll of noise {unknown}
 o - a scroll of fog {unknown}
Potions
 d - a potion of might
 j - a potion of attraction {unknown}
 k - a potion of curing {unknown}
 n - 2 potions of lignification {unknown}


   Skills:
 - Level 3.2 Fighting
 + Level 5.5 Long Blades
 - Level 3.6 Armour
 - Level 3.6 Shields


You had 4 spell levels left.
You didn't know any spells.
Your spell library was empty.

Dungeon Overview and Level Annotations

Branches:
Dungeon (2/15) Zot: 528

Altars:


Innate Abilities, Weirdness & Mutations

You passively map a small area around you.
You are easily found by Zot.
You glow in the dark.
You regain HP and MP as you explore.


Message History

You kill the quokka!
Found a whip.
You see here a +0 whip. 2 gnolls come into view.
The gnoll shouts! x2 2 gnolls and 2 adders come into view.
Found 10 gold pieces.
The adder hisses angrily.
The gnoll shouts! x2; The adder hisses angrily.
The gnoll moves out of view.
Okay, then.
You see here a +0 whip.
You feel very mighty all of a sudden.
You closely miss the adder. You block the adder's attack. The adder bites you.
You slash the adder!
You kill the adder!
The adder barely misses you.
You slice the adder!!
You kill the adder!
You slash the gnoll!
You kill the gnoll!
You have reached level 5!
You block the gnoll's attack.
A ball python comes into view.
Things that are here:
a +0 whip; a gnoll corpse; an adder corpse You barely miss the gnoll.
The gnoll hits you with a +0 flail!
The gnoll hits you from afar with a +0 halberd!
* * * LOW HITPOINT WARNING * * *
You slash the gnoll!
The gnoll is heavily wounded.
You block the gnoll's attack. The gnoll hits you with a +0 flail.
* * * LOW HITPOINT WARNING * * *
The gnoll hits you with a +0 flail!
* * * LOW HITPOINT WARNING * * *
The gnoll barely misses you.
You barely miss the gnoll.
The gnoll is heavily wounded.
The gnoll barely misses you.
The gnoll hits you from afar with a +0 halberd!
You die...

, ,, , * * ,, ,, * * * * *
* . # ######## # *
##......## ## # ###
##........#####.
#.##.####...............
#...ggg@)..........#####
##.#.S###..........# * *
#..#..# #..........#####
,..#.#..# #........†...).†
gg##S#.##*#.........######
...# $S#..
................. , .g#
*###.# ##..........##### ,
.. **.## #..........# *, ,
#* #..........#


You could see 3 gnolls and a ball python.

Vanquished Creatures
  4 adders (D:2)
  A gnoll (D:2)
  2 dart slugs (D:1)
  A ball python (D:1)
  4 bats (D:1)
  2 endoplasms (D:1)
  5 goblins
  5 hobgoblins
  5 kobolds
  4 quokkas
  A frilled lizard (D:2)
  2 rats (D:2)
36 creatures vanquished.

Notes
Turn   | Place    | Note
-------+----------+-------------------------------------------
     0 | D:1      | lunkers the Meteoran Fighter began the quest for the Orb.
     0 | D:1      | Reached XP level 1. HP: 19/19 MP: 2/2
    80 | D:1      | Reached skill level 3 in Long Blades
    80 | D:1      | Reached XP level 2. HP: 26/26 MP: 3/3
   223 | D:1      | Reached XP level 3. HP: 31/31 MP: 4/4
   285 | D:1      | Reached skill level 4 in Long Blades
   459 | D:2      | Reached XP level 4. HP: 34/38 MP: 5/5
   584 | D:2      | Reached skill level 5 in Long Blades
   636 | D:2      | Reached XP level 5. HP: 42/45 MP: 6/6
   639 | D:2      | Slain by a gnoll

Illustrated notes

Levels and vault maps discovered:
D:1:      dpeg_arrival_water_temple_mockup, layout_basic,
          minmay_misc_feat_rugged
D:2:      layout_rooms, minmay_cut_off

Skill      XL: |  1  2  3  4 |
---------------+-------------+-----
Long Blades    | 3 4 5 |  5.5
Fighting       | |  3.2
Armour         | |  3.6
Shields        | |  3.6

Action                     |  1- 3 |  4- 6 || total
---------------------------+-------+-------++-------
  Melee: Long sword        |    95 |    40 ||   135
    Use: Potion            |       |     1 ||     1
 Armour: Scale mail        |    46 |    12 ||    58
  Dodge: Dodged            |    43 |    16 ||    59
  Block: Buckler           |    26 |    15 ||    41

Table legend: (Time is in decaauts)
 A = Elapsed time spent in this place.
 B = Non-inter-level travel time spent in this place.
 C = Inter-level travel time spent in this place.
 D = Time resting spent in this place.
 E = Time spent auto-exploring this place.
 F = Levels seen in this place.
 G = Mean time per level.
                   A        B        C        D        E       F      G
               +--------+--------+--------+--------+--------+-----+--------+
         Total |    670 |    658 |     12 |      0 |    355 |   2 |  335.0 |
       Dungeon |    670 |    658 |     12 |      0 |    355 |   2 |  335.0 |
               +--------+--------+--------+--------+--------+-----+--------+

Top non-repeatable levels by time:
     D:1: 439 daAuts
     D:2: 230 daAuts
